 Dungeon Crawl Stone Soup version 0.30-a0-149-g7f746667c4 (webtiles) character file.

Game seed: 17701278848751706364

44 qw the Chopper (level 3, -10/23 HPs)
             Began as a Gargoyle Fighter on Sept 26, 2022.
             Killed by divine providence
             ... invoked by an orc priest
              (16 damage)
             ... on level 3 of the Dungeon.
             The game lasted 00:00:34 (1750 turns).

qw the Chopper (Gargoyle Fighter)                   Turns: 1750, Time: 00:00:34

Health: -10/23     AC: 11    Str: 21    XL:     3   Next: 60%
Magic:  3/3        EV:  9    Int:  8    God:
Gold:   130        SH:  4    Dex:  9    Spells: 2/2 levels left

rFire   . . .      SeeInvis .    Y - +0 war axe
rCold   . . .      Faith    .    c - +0 buckler
rNeg    + . .      Spirit   .    b - +0 scale mail
rPois   inf        Reflect  .    (no helmet)
rElec   +          Harm     .    (no cloak)
rCorr   .          Rampage  .    (no gloves)
Will    .....                    j - +0 pair of boots
Stlth   ..........               (no amulet)
HPRegen 0.07/turn                (no ring)
MPRegen 0.08/turn                (no ring)

@: no status effects
A: sickness immunity, AC +3, negative energy resistance 1, electricity
resistance, torment resistance 1, petrification resistance
a: no special abilities


You were on level 3 of the Dungeon.
You visited 1 branch of the dungeon, and saw 3 of its levels.

You collected 130 gold pieces.


Innate Abilities, Weirdness & Mutations

You are immune to sickness and miasma.
Your stone body is resilient. (AC +3)
You are immune to poison.
You resist negative energy. (rN+)
You are resistant to electric shocks. (rElec)
You are resistant to unholy torment.
You are immune to petrification.


   Skills:
 - Level 3.2 Fighting
 + Level 3.5 Axes
 - Level 3.2 Armour
 - Level 3.2 Shields


You had 2 spell levels left.
You didn't know any spells.
Your spell library was empty.

Inventory:

Hand Weapons
 o - a +0 whip
 Y - a +0 war axe (weapon)
Armour
 b - a +0 scale mail (worn)
 c - a +0 buckler (worn)
 j - a +0 pair of boots (worn)
Scrolls
 a - a scroll of identify
 f - a scroll of fog {unknown}
Potions
 d - a potion of might
 e - a potion of curing
 h - a potion of brilliance {unknown}
 i - a potion of attraction {unknown}
 m - a potion of magic {unknown}

Dungeon Overview and Level Annotations

Branches:
Dungeon (3/15)

Altars:
Kikubaaqudgha
Okawaru
Sif Muna

Annotations:
D:3 Ijyb


Message History

The giant cockroach bites you but does no damage.
You hit the orc but do no damage.
The orc is almost dead.
You hit the bat but do no damage. You slash the giant cockroach!
You kill the giant cockroach!
You hit the orc. You block the bat's attack. The orc closely misses you. x2
The orc hits you but does no damage. x2
The orc priest hits you but does no damage.
You hit the orc but do no damage.
The orc is severely wounded.
You hit the orc. You hit the orc priest. You hit the orc.
The orc barely misses you. The orc hits you but does no damage.
The orc priest closely misses you.
You slash the orc!
You kill the orc!
You hit the orc.
You kill the orc!
You barely miss the orc. You closely miss the orc priest. You hit the orc.
You kill the orc!
The bat closely misses you. The orc hits you but does no damage.
The orc priest invokes the aid of Beogh against you.
Beogh smites you!
Ouch! That really hurt!
You closely miss the orc.
The orc is severely wounded.
You barely miss the orc priest. The bat barely misses you.
You block the orc's attack. The orc priest barely misses you.
The bat hits you but does no damage. The orc priest hits you with a +0 whip.
The orc hits you but does no damage.
You barely miss the orc.
The orc is severely wounded.
You slash the bat!
You kill the bat!
You slash the orc priest! The orc closely misses you.
The orc priest invokes the aid of Beogh against you.
Beogh smites you!
Ouch! That really hurt!
You die...

#.# #.#
#.# #.#
##.#######
#.........
#..)......
#.@)......
#oo)......
#.........
#.........
#.........
#.........
..........
..........


You could see an orc priest and an orc.

Vanquished Creatures
  2 dart slugs (D:1)
  3 orcs (D:3)
  5 bats
  5 endoplasms
  3 giant cockroaches
  3 hobgoblins
  2 quokkas (D:2)
  2 ball pythons (D:1)
  3 goblins (D:2)
  2 kobolds
  3 rats
33 creatures vanquished.

Notes
Turn   | Place    | Note
-------+----------+-------------------------------------------
     0 | D:1      | qw the Gargoyle Fighter began the quest for the Orb.
     0 | D:1      | Reached XP level 1. HP: 14/14 MP: 1/1
     0 | D:1      | 0 ||| qw: Version: 0.2-a-10-g399e6c4
     0 | D:1      | 0 ||| qw: Game counter: 525
     0 | D:1      | 0 ||| qw: Always use a shield: true
     0 | D:1      | 0 ||| qw: God list: Okawaru
     0 | D:1      | 0 ||| qw: Allow faded altars: false
     0 | D:1      | 0 ||| qw: Do Orc after D:15 true
     0 | D:1      | 0 ||| qw: Do second Lair branch before Depths: true
     0 | D:1      | 0 ||| qw: Lair rune preference: random
     0 | D:1      | 0 ||| qw: Plans: Normal, Zot:1-4, God:TSO, Crypt, Tomb,
                  | Pan, Slime:5, Hells, Abyss, Orb
     0 | D:1      | 0 ||| PLANNING D:1-11
    75 | D:1      | 75 ||| Stepping ~*~*~tactically~*~*~ (stealth).
    77 | D:1      | 77 ||| Stepping ~*~*~tactically~*~*~ (hiding).
   133 | D:1      | Reached XP level 2. HP: 19/19 MP: 2/2
   449 | D:1      | Found a faded altar of an unknown god.
   722 | D:1      | 722 ||| UPGRADING to +0 pair of boots.
   727 | D:1      | 727 ||| READING scroll labelled KUMOIZXE QEUSE.
   730 | D:1      | 730 ||| READING scroll labelled PUNLAPN ASOIHA.
   731 | D:1      | 731 ||| READING scroll labelled BOMNENA MYZOHA.
   732 | D:1      | 732 ||| READING scroll labelled ITSEYQ TOGUDEI.
   733 | D:1      | 733 ||| READING scroll labelled BOEPIEMUOL.
   734 | D:1      | 734 ||| DRINKING 2 grey potions.
   784 | D:2      | Found an ancient bone altar of Kikubaaqudgha.
   801 | D:2      | Reached skill level 3 in Axes
   804 | D:2      | Reached XP level 3. HP: 22/23 MP: 3/3
  1486 | D:2      | 1486 ||| DROPPING ring of flight.
  1487 | D:2      | 1487 ||| READING scroll labelled BYITHU CEICA.
  1488 | D:2      | 1488 ||| READING scroll labelled TEVAJA LAOVOE.
  1489 | D:2      | 1489 ||| DRINKING 2 ruby potions.
  1490 | D:2      | 1490 ||| READING 2 scrolls of identify.
  1490 | D:2      | 1490 ||| IDENTIFYING black potion
  1491 | D:2      | 1491 ||| DROPPING potion of flight.
  1597 | D:3      | Found a shimmering blue altar of Sif Muna.
  1604 | D:3      | Found an iron altar of Okawaru.
  1726 | D:3      | Noticed Ijyb
  1738 | D:3      | HP: 2/23 [Ijyb/+5 dagger of draining (5)]
  1739 | D:3      | 1739 ||| READING scroll of teleportation.
  1740 | D:3      | 1740 ||| DRINKING potion of heal wounds.
  1750 | D:3      | Killed from afar by an orc priest

Levels and vault maps discovered:
D:1:      eino_arrival_water_star, layout_basic,
          shapermc_ecumenical_altar_starsandcircs, serial_curves,
          eino_curves_03, eino_curves_02, eino_curves_02, eino_curves_04
D:2:      layout_basic, basic_altar
D:3:      layout_basic, jmf_multi_god_temple, uniq_ijyb

Skill      XL: |  1  2 |
---------------+-------+-----
Axes           | 2 3 |  3.5
Fighting       | |  3.2
Armour         | |  3.2
Shields        | |  3.2

Action                   || total
-------------------------++-------
Melee: War axe           ||   105
  Use: Scroll            ||     9
       Potion            ||     3
Armor: Scale mail        ||    58
Dodge: Dodged            ||    57
Block: Buckler           ||    21

Table legend:
 A = Non-vault XP
 B = Vault XP
 C = Vault XP percentage of total XP
 D = Non-vault monster count
 E = Vault monster count
 F = Vault count percentage of total count
                 A         B        C        D         E       F
            +---------+---------+-------+---------+---------+-------
      Total |      62 |       3 |   4.6 |      31 |       2 |   6.1
            +---------+---------+-------+---------+---------+-------
        D:1 |      28 |       0 |   0.0 |      14 |       0 |   0.0
        D:2 |      17 |       0 |   0.0 |      10 |       0 |   0.0
        D:3 |      17 |       3 |  15.0 |       7 |       2 |  22.2
            +---------+---------+-------+---------+---------+-------
